 Dungeon Crawl Stone Soup version 0.29-a0-670-g5ff2a30383 (webtiles) character file.

Game seed: 11443046807897819930

6944 KristoblXynda the Nimble (level 10, -1/91 HPs)
             Began as a Pale Draconian Berserker on June 24, 2022.
             Was an Elder of Trog.
             Slain by an unseen horror simulacrum (3 damage)
             ... on level 10 of the Dungeon.
             The game lasted 00:12:46 (10359 turns).

KristoblXynda the Nimble (DrBe)                    Turns: 10359, Time: 00:12:47

Health: -1/91      AC:  8    Str: 27    XL:     10   Next: 80%
Magic:  10/10      EV: 15    Int: 15    God:    Trog [****..]
Gold:   348        SH:  0    Dex: 10    Spells: 9/9 levels left

rFire   . . .      SeeInvis .   O - +8 war axe of Expedience {flame, rN+ Int+4}
rCold   . . .      Faith    .   (no shield)
rNeg    + . .      Spirit   .   (body armour unavailable)
rPois   +          Reflect  .   (helmet restricted)
rElec   .          Harm     .   (no cloak)
rCorr   .          Rampage  .   A - +0 pair of gloves
Will    .....                   (no boots)
Stlth   +.........              B - amulet of regeneration
HPRegen 1.05/turn               u - +6 ring of strength
MPRegen 0.12/turn               I - ring of poison resistance

@: about to teleport, on berserk cooldown, slowed, studying Dodging, very slow
A: breathe steam, AC +7, unfitting armour, cold-blooded, steam resistance
a: Breathe Steam, Renounce Religion, Berserk, Trog's Hand, Brothers in Arms


You were on level 10 of the Dungeon.
You worshipped Trog.
Trog was greatly pleased with you.
You visited 2 branches of the dungeon, and saw 11 of its levels.

You collected 628 gold pieces.
You spent 280 gold pieces at shops.

Inventory:

Hand Weapons
 w - the +5 long sword "Widowmaker" {vorpal, rPois MP+9 Str+5}
   (You found it on level 3 of the Dungeon)

   It inflicts extra damage upon your enemies.
   Str:       It affects your strength (+5).
   rPois:     It protects you from poison.
   MP:        It affects your magic capacity (+9).
 O - the +8 war axe of Expedience (weapon) {flame, rN+ Int+4}
   (You found it on level 10 of the Dungeon)

   It burns those it strikes, dealing additional fire damage.
   Big, fiery blades are also staple armaments of hydra-hunters.
   Int:       It affects your intelligence (+4).
   rN:        It protects you from negative energy.
Missiles
 D - 3 throwing nets (quivered)
Armour
 A - a +0 pair of gloves (worn)
Jewellery
 a - a ring of ice
 n - a ring of resist corrosion
 u - a +6 ring of strength (left hand)
 x - a ring of protection from cold
 B - an amulet of regeneration (around neck)
 E - a ring of flight
 I - a ring of poison resistance (right hand)
 K - a +4 ring of evasion
Wands
 i - a wand of acid (9)
 F - a wand of mindburst (6)
 H - a wand of paralysis (12)
 J - a wand of digging (4)
Scrolls
 b - a scroll of noise {unknown}
 f - 3 scrolls of teleportation
 g - 2 scrolls of enchant armour {unknown}
 h - 3 scrolls of enchant weapon
 j - a scroll of immolation {unknown}
 l - 5 scrolls of magic mapping
 o - 4 scrolls of poison
 r - 2 scrolls of vulnerability
 t - 2 scrolls of silence {unknown}
Potions
 c - a potion of attraction
 d - a potion of berserk rage {unknown}
 e - 8 potions of curing
 k - a potion of cancellation
 m - 2 potions of invisibility {unknown}
 p - 2 potions of magic
 q - 3 potions of might
 v - 3 potions of heal wounds
 z - a potion of flight {unknown}
 C - a potion of lignification {unknown}
 G - a potion of haste
 L - a potion of mutation {unknown}
 N - 2 potions of ambrosia {unknown}


   Skills:
 + Level 9.0 Fighting
 - Level 8.9 Long Blades
 + Level 7.5 Axes
 + Level 10.3 Dodging


You had 9 spell levels left.
You didn't know any spells.
Your spell library contained the following spells:

 Spells                   Type           Power      Damage    Failure   Level
 Slow                     Hex            0%         N/A       26%         1
 Blink                    Tloc           0%         N/A       38%         2
 Poisonous Vapours        Pois/Air       0%         N/A       38%         2
 Confusing Touch          Hex            0%         N/A       63%         3
 Inner Flame              Hex/Fire       0%         N/A       63%         3
 Lesser Beckoning         Tloc           0%         N/A       63%         3
 Vampiric Draining        Necr           0%         2d6       63%         3
 Cause Fear               Hex            0%         N/A       95%         4
 Corpse Rot               Necr/Pois/Air  0%         N/A       95%         4
 Manifold Assault         Tloc           0%         N/A       100%        5
 Discord                  Hex            0%         N/A       100%        8


Dungeon Overview and Level Annotations

Branches:
Dungeon (10/15)            Temple (1/1) D:5            Lair (0/6) D:8
    Orc (0/2) D:9

Altars:
Ashenzari
Cheibriados
Dithmenos
Elyvilon
Fedhas
Gozag
Hepliaklqana
Kikubaaqudgha
Makhleb
Nemelex Xobeh
Okawaru
Qazlal
Ru
Sif Muna
Trog
Uskayaw
Vehumet
Wu Jian
Xom
Yredelemnul
Zin
The Shining One

Shops:
D:3 (   D:6 *   D:9 (

Annotations:
D:10 2 transporters


Innate Abilities, Weirdness & Mutations

You can breathe blasts of scalding, opaque steam.
Your pale cyan-grey scales are hard. (AC +7)
You cannot fit into any form of body armour.
You are cold-blooded and may be slowed by cold attacks.
You are immune to the effects of steam.


Message History

Aim: passata's ghost, wielding a weapon of freezing (almost destroyed)
The mass of ice explodes!
The iceblast engulfs passata's ghost but does no damage.
Passata's ghost is almost destroyed.
The iceblast engulfs the centaur warrior simulacrum!
The centaur warrior simulacrum partially resists.
The centaur warrior simulacrum vaporises!
Trog accepts your kill.
The now-empty wand crumbles to dust.
Your Dodging skill increases to level 10!
Unknown command.
You slash passata's ghost! You burn passata's ghost.
You destroy passata's ghost!
Trog accepts your kill.
Your Fighting skill increases to level 9!
The unseen horror simulacrum barely misses you.
The unseen horror simulacrum closely misses you.
The unseen horror simulacrum completely misses you.
You barely miss the unseen horror simulacrum.
The unseen horror simulacrum completely misses you.
The unseen horror simulacrum hits you.
The unseen horror simulacrum freezes you!!
You feel as though you will be slow longer.
* * * LOW HITPOINT WARNING * * *
The unseen horror simulacrum completely misses you.
The unseen horror simulacrum misses you.
The unseen horror simulacrum barely misses you.
Aiming: Mindburst
Press: ? - help, Shift-Dir - straight line, f - unseen horror simulacrum
Aim: an unseen horror simulacrum (not susceptible)
Okay, then.
As you read the scroll of teleportation, it crumbles to dust.
You feel strangely unstable. The unseen horror simulacrum hits you.
* * * LOW HITPOINT WARNING * * *
The unseen horror simulacrum freezes you!!
You feel as though you will be slow longer.
* * * LOW HITPOINT WARNING * * *
The unseen horror simulacrum closely misses you.
The unseen horror simulacrum hits you.
You die...

.#....'.#.........##### ##.#.....
.#....#.#.......###..... #.......
.#....#.#......##........##.....)
.######.##''#.##....###...#......
..............#....##.....#......
..............#....#.....##......
.........)....'...##$....#..#####
...#+###+####.'.Z.#|.=...#......'
...#..........'.@.#Z.$.#.##.....#
...#..........#?..##.. #..#.....#
...#.......##.#....# #..#.....#
...#.......'..##....###...#.....#
...###.....#...###.....Y.##....##
.....#.....#.....###...###.....#.
.....#.....#......)#####...>...#.
.....#.....#........)........###.
.....#.....#.......#)........#...


You could see an unseen horror simulacrum.

Vanquished Creatures
  The ghost of passata the Fighter, a journeyman FoFi of Okawaru (D:10)
  Pikel (D:4)
  The ghost of cheechan the Sneak, a novice OpFi of Uskayaw (D:5)
  A komodo dragon (D:8)
  Grinder (D:3)
  A vampire (D:9)
  A wraith (D:10)
  2 wyverns
  5 yaks
  Menkaure (D:4)
  2 water moccasins
  2 orc warriors
  6 ice beasts
  2 sky beasts
  An ogre (D:4)
  3 centaurs
  3 phantoms
  2 bullfrogs
  2 kobold brigands
  A gnoll sergeant (D:7)
  4 scorpions
  A necrophage (D:5)
  4 wights (D:8)
  A killer bee (D:9)
  3 electric eels
  3 jellies
  3 hounds (D:6)
  8 orc priests
  3 orc wizards
  Natasha (D:4)
  2 centaur simulacra
  A killer bee simulacrum (D:8)
  10 gnolls
  7 adders
  4 white imps
  5 ufetubi (D:8)
  3 dart slugs
  35 orcs
  8 ball pythons
  6 endoplasms
  4 giant cockroaches
  8 goblins
  9 hobgoblins
  7 jackals
  A quokka (D:4)
  5 bats
  6 frilled lizards
  16 kobolds
  6 rats
213 creatures vanquished.

Vanquished Creatures (others)
  5 plants (D:8)
5 creatures vanquished.

Grand Total: 218 creatures vanquished

Notes
Turn   | Place    | Note
-------+----------+-------------------------------------------
     0 | D:1      | KristoblXynda the Draconian Berserker began the quest for
                  | the Orb.
     0 | D:1      | Reached XP level 1. HP: 19/19 MP: 1/1
    63 | D:1      | Reached skill level 3 in Dodging
   122 | D:1      | Reached XP level 2. HP: 26/26 MP: 2/2
   966 | D:2      | Reached ** piety under Trog
   967 | D:2      | Reached XP level 3. HP: 25/33 MP: 3/3
  1330 | D:2      | Found a bloodstained altar of Trog.
  1868 | D:3      | Noticed a +0 dagger
  1868 | D:3      | Noticed a +0 dagger
  1869 | D:3      | Found a hide-covered altar of Uskayaw.
  2247 | D:3      | Reached XP level 4. HP: 40/40 MP: 4/4
  2255 | D:3      | Found Pocublea's Antique Weapon Shop.
  2554 | D:3      | Identified the +5 long sword "Widowmaker" {vorpal, rPois
                  | MP+9 Str+5}
  2645 | D:3      | Noticed Grinder
  2647 | D:3      | Paralysed by Grinder for 4 turns
  2659 | D:3      | Killed Grinder
  2660 | D:3      | Reached skill level 4 in Dodging
  2660 | D:3      | Reached XP level 5. HP: 21/46 MP: 5/5
  2660 | D:3      | Reached XP level 6. HP: 24/52 MP: 6/6
  2867 | D:3      | Found a faded altar of an unknown god.
  3187 | D:4      | Noticed Pikel
  3208 | D:4      | Killed Pikel
  3209 | D:4      | Reached skill level 5 in Axes
  3209 | D:4      | Reached skill level 5 in Dodging
  3209 | D:4      | Your scales start taking on a pale cyan-grey colour.
  3209 | D:4      | Reached XP level 7. HP: 14/59 MP: 7/7
  3209 | D:4      | Gained mutation: You are immune to the effects of steam.
                  | [Pale Draconian growth]
  3625 | D:4      | Reached *** piety under Trog
  3860 | D:4      | Noticed Menkaure
  3862 | D:4      | Noticed Natasha
  3869 | D:4      | Killed Menkaure
  3870 | D:4      | Reached XP level 8. HP: 66/66 MP: 8/8
  3870 | D:4      | Killed Natasha
  3992 | D:5      | Entered Level 5 of the Dungeon
  4009 | D:5      | Reached skill level 6 in Dodging
  4145 | D:5      | Reached skill level 5 in Long Blades
  4442 | D:5      | Found a staircase to the Ecumenical Temple.
  4532 | Temple   | Entered the Ecumenical Temple
  5299 | D:5      | Found a runed translucent gate.
  5299 | D:5      | Found a runed translucent gate.
  5299 | D:5      | Found a runed translucent gate.
  5301 | D:5      | Noticed cheechan's ghost (novice OpFi)
  5314 | D:5      | Killed cheechan's ghost
  5540 | D:6      | Reached XP level 9. HP: 72/73 MP: 9/9
  5727 | D:6      | Reached skill level 5 in Fighting
  5727 | D:6      | Reached skill level 7 in Dodging
  5947 | D:6      | Found a sacrificial altar of Ru.
  5949 | D:6      | Found a stormy altar of Qazlal.
  6139 | D:6      | Found Vomuzees's Serpentskin Sales.
  6147 | D:6      | Bought a ring of poison resistance for 280 gold pieces
  7096 | D:8      | Reached **** piety under Trog
  7214 | D:8      | Found a staircase to the Lair.
  7216 | D:8      | Noticed a komodo dragon
  7239 | D:8      | Killed a komodo dragon
  7362 | D:8      | Reached skill level 8 in Dodging
  7570 | D:8      | Reached XP level 10. HP: 46/76 MP: 10/10
  7816 | D:8      | Identified a scroll of acquirement
  7816 | D:8      | Acquired a manual of Dodging
  8135 | D:9      | Found a shadowy altar of Dithmenos.
  8262 | D:9      | Found Xuuse's Weapon Boutique.
  8375 | D:9      | Found a staircase to the Orcish Mines.
  8760 | D:9      | Reached skill level 9 in Dodging
  9488 | D:10     | Entered Level 10 of the Dungeon
  9501 | D:10     | Found a transporter.
  9508 | D:10     | Noticed an orc high priest
  9523 | D:10     | Found a transporter.
  9532 | D:10     | Noticed an orc high priest
  9548 | D:10     | Found a runed translucent gate.
  9548 | D:10     | Found a runed translucent gate.
  9548 | D:10     | Found a runed translucent gate.
  9760 | D:10     | Noticed passata's ghost (journeyman FoFi)
 10114 | D:10     | Identified the +8 war axe of Expedience {flame, rN+ Int+4}
 10342 | D:10     | HP: 2/90 [passata's ghost (3)]
 10356 | D:10     | Reached skill level 10 in Dodging
 10356 | D:10     | Killed passata's ghost
 10359 | D:10     | HP: 2/91 [unseen horror simulacrum (18)]
 10359 | D:10     | Slain by an unseen horror simulacrum

Illustrated notes

Levels and vault maps discovered:
D:1:      dpeg_arrival_erosion, layout_basic, palyth_stone_intersect
D:2:      layout_rooms, basic_altar
D:3:      layout_basic, dancing_weapons_uskayaw, serial_shops,
          nicolae_shop_stone, basic_ecumenical_altar, uniq_grinder
D:4:      layout_rooms, uniq_natasha, uniq_menkaure, uniq_pikel
D:5:      layout_rooms, minmay_temple_entry_trees, ebering_ghost_rock_garden
D:6:      layout_gridville, mainiacjoe_overflow_large_starburst,
          guppyfry_shop_venom
D:7:      layout_loops_cross, hangedman_decor_opposing
D:8:      layout_cave_pools, david_lair_shrubbed, serial_ice, serial_ice_o,
          serial_ice_l, serial_ice_n, serial_ice_f
D:9:      layout_layer_cave, overflow_temple_1_default, david_orc_2,
          serial_shops, nicolae_shop_waterfront, minivault_1,
          kennysheep_small_circle
D:10:     gammafunk_wand_slinger, layout_irregular_city, gammafunk_ghost_icy
Temple:   hc_temple_tempest_star

Skill      XL: |  1  2  3  4  5  6  7  8  9 10 |
---------------+-------------------------------+-----
Dodging        | 3 4 5 6 8 10 | 10.3
Fighting       | 4 7 9 |  9.0
Long Blades    | 2 3 4 6 7 8 |  8.9
Axes           | 4 5 6 7 |  7.5

Action                   |  1- 3 |  4- 6 |  7- 9 | 10-12 || total
-------------------------+-------+-------+-------+-------++-------
Melee: Hand axe          |   115 |    20 |       |       ||   135
       Tailslap          |    13 |     4 |    25 |    17 ||    59
       Punch             |     1 |     1 |     5 |     1 ||     8
       Long sword        |       |    36 |   290 |   131 ||   457
       War axe           |       |       |       |    26 ||    26
Invok: Berserk           |     2 |     2 |     7 |     4 ||    15
 Abil: Breathe Steam     |       |       |     7 |     4 ||    11
Evoke: Wand              |       |       |       |    11 ||    11
  Use: Scroll            |       |       |    16 |     7 ||    23
       Potion            |       |       |     1 |     3 ||     4
 Stab: Sleeping          |     5 |       |     1 |       ||     6
Armor: Skin              |    45 |    25 |   118 |    55 ||   243
Dodge: Dodged            |    79 |    46 |   221 |   111 ||   457

Table legend: (Time is in decaauts)
 A = Elapsed time spent in this place.
 B = Non-inter-level travel time spent in this place.
 C = Inter-level travel time spent in this place.
 D = Time resting spent in this place.
 E = Time spent auto-exploring this place.
 F = Levels seen in this place.
 G = Mean time per level.
                   A        B        C        D        E       F      G
               +--------+--------+--------+--------+--------+-----+--------+
         Total |  10566 |  10323 |    243 |   2555 |   6204 |  11 |  960.5 |
       Dungeon |  10020 |   9795 |    225 |   2187 |   6060 |  10 | 1002.0 |
        Temple |    546 |    528 |     18 |    368 |    144 |   1 |  546.0 |
               +--------+--------+--------+--------+--------+-----+--------+

Top non-repeatable levels by time:
     D:9: 1421 daAuts
     D:3: 1345 daAuts
     D:5: 1053 daAuts
     D:8: 1018 daAuts
     D:1: 945 daAuts
     D:2: 904 daAuts
    D:10: 891 daAuts
     D:4: 872 daAuts
     D:6: 803 daAuts
     D:7: 764 daAuts
  Temple: 546 daAuts
